 Dungeon Crawl Stone Soup version 0.20.0-15-g7f486f2 (webtiles) character file.

13302 Hook the Grappler (level 11, 0/104 HPs)
             Began as a Troll Transmuter on June 11, 2017.
             Was a High Priest of Makhleb.
             Slain by a vampire mosquito (11 damage)
             ... on level 13 of the Dungeon.
             The game lasted 00:28:41 (8953 turns).

Hook the Grappler (Troll Transmuter)                Turns: 8953, Time: 00:28:42

Health: 0/104      AC:  8    Str: 20    XL:     11   Next: 73%
Magic:  14/18      EV: 11    Int: 15    God:    Makhleb [*****.]
Gold:   495        SH:  0    Dex: 10    Spells: 15/21 levels left

rFire    + . .     SeeInvis .     - Unarmed
rCold    + . .     Gourm    +   (no shield)
rNeg     . . .     Faith    .   e - +0 troll leather armour
rPois    +         Spirit   .   (helmet restricted)
rElec    +         Reflect  .   F - +0 cloak
rCorr    +         Harm     .   (gloves unavailable)
MR       +....                  (boots unavailable)
Stlth    +.........             (no amulet)
Regen    1.1/turn               E - +3 ring of intelligence
MPRegen  0.2/turn               y - ring of protection from magic

@: appendage, resistant
A: unfitting armour, claws 3, talons 3, fast metabolism 3, gourmand,
regeneration 1, shaggy fur 1, tough skin 2
a: End Transformation, Minor Destruction, Lesser Servant of Makhleb, Major
Destruction, Greater Servant of Makhleb, Renounce Religion


You were on level 13 of the Dungeon.
You worshipped Makhleb.
Makhleb was extremely pleased with you.
You were very hungry.
You had grown temporary talons.
You visited 1 branch of the dungeon, and saw 12 of its levels.

You collected 495 gold pieces.

Inventory:

Missiles
 a - 139 arrows
 h - 109 stones (quivered)
Armour
 b - a +0 robe
 e - a +0 troll leather armour (worn)
 F - a +0 cloak (worn)
Jewellery
 s - an uncursed ring of protection from fire
 v - an uncursed ring of see invisible
 y - a ring of protection from magic (right claw)
 E - a +3 ring of intelligence (left claw)
 J - an uncursed ring of ice {unknown}
Wands
 m - a wand of iceblast (11/15)
 C - a wand of digging (13/24)
Scrolls
 j - 3 scrolls of teleportation
 o - 3 scrolls of recharging
 t - a scroll of amnesia
 x - 2 scrolls of enchant weapon
 z - 5 scrolls of identify
 A - 2 scrolls of remove curse
 K - a scroll of fog
Potions
 f - a potion of berserk rage {unknown}
 g - 2 potions of agility
 i - a potion of resistance
 l - a potion of mutation {unknown}
 n - 3 potions of curing
 p - a potion of ambrosia {unknown}
 q - a potion of flight
 r - a potion of degeneration {unknown}
 w - a potion of might {unknown}
 D - a potion of magic {unknown}
 G - a potion of invisibility {unknown}
 H - a potion of haste
Books
 c - a book of Changes

   Spells                             Type                      Level
   a - Beastly Appendage              Transmutation                1
   b - Sticks to Snakes               Transmutation                2
   c - Spider Form                    Transmutation/Poison         3
   d - Ice Form                       Ice/Transmutation            4
   e - Blade Hands                    Transmutation                5
 B - a book of Debilitation

   Spells                             Type                      Level
   a - Corona                         Hexes                        1
   b - Slow                           Hexes                        2
   c - Inner Flame                    Hexes/Fire                   3
   d - Portal Projectile              Hexes/Translocation          3
   e - Cause Fear                     Hexes                        4
   f - Leda's Liquefaction            Hexes/Earth                  4
 I - a book of Enchantments

   Spells                             Type                      Level
   a - Cause Fear                     Hexes                        4
   b - Yara's Violent Unravelling     Hexes/Transmutation          5
   c - Silence                        Hexes/Air                    5
   d - Deflect Missiles               Charms/Air                   6
   e - Discord                        Hexes                        8
Comestibles
 d - 9 bread rations
 k - 6 meat rations
 u - 2 royal jellies


   Skills:
 * Level 5.6 Fighting
 + Level 2.1 Armour
 + Level 4.1 Dodging
 + Level 1.1 Stealth
 * Level 12.1 Unarmed Combat
 * Level 5.8 Spellcasting
 * Level 6.2 Transmutations
 + Level 0.1 Poison Magic
 + Level 0.3 Invocations


You had 15 spell levels left.
You knew the following spells:

 Your Spells              Type           Power        Failure   Level  Hunger
a - Beastly Appendage     Tmut           ###...       1%          1    None
b - Sticks to Snakes      Tmut           ###.....     1%          2    #......
c - Spider Form           Tmut/Pois      ##........   14%         3    ###....


Dungeon Overview and Level Annotations

Branches:
Dungeon (13/15)            Temple (0/1) D:5            Lair (0/6) D:8
    Orc (0/2) D:12
 Vaults: D:13-14

Altars:
Ashenzari
Gozag
Hepliaklqana
Kikubaaqudgha
Makhleb
Nemelex Xobeh
Qazlal
Ru
Trog
Vehumet
Zin
The Shining One

Shops:
D:8 :

Annotations:
D:3 Grinder


Innate Abilities, Weirdness & Mutations

You are too large for most types of armour.
You have claws for hands.
Your metabolism is lightning-fast.
You like to eat raw meat.
Your natural rate of healing is unusually fast.
You are covered in fur. (AC +1)
You have very tough skin. (AC +2)
You have claws for feet.


Message History

The vampire mosquito draws strength from your injuries!
The vampire mosquito closely misses you.
You miss the vampire mosquito.
The vampire mosquito closely misses you.
The vampire mosquito misses you.
A wraith comes into view.
You bite the vampire mosquito!
The vampire mosquito is heavily damaged.
The vampire mosquito bites you!
* * * LOW HITPOINT WARNING * * *
The vampire mosquito draws strength from your injuries!
Casting: Spider Form
Confirm with . or Enter, or press ? or * to list all spells.
Your transformation has ended.
Your +0 cloak unmelds from your body.
Your +0 troll leather armour unmelds from your body.
Your feet morph into talons.
The vampire mosquito closely misses you.
The vampire mosquito bites you!
You die...

. .. .. .. .#
#####..#
#yy@...#
##c####.#
######Cy###
#.(%(.....#
#..<(.....#
#..(.........
#...(.....###
#..........#
#............


You could see a centaur warrior, a cyclops and 2 vampire mosquitoes.

Vanquished Creatures
  Erica (D:11)
  A centaur warrior (D:10)
  5 two-headed ogres
  The ghost of Gorglomux the Cleaver, a novice MiBe of Trog (D:5)
  Pikel (D:5)
  A kobold demonologist (D:11)
  A troll (D:9)
  3 slime creatures (D:11)
  A hornet (D:11)
  3 hippogriffs
  A wraith (D:11)
  A spriggan (D:10)
  A wyvern (D:10)
  5 yaks (D:10)
  Grum (D:9)
  2 black bears
  4 orc warriors
  5 ice beasts
  2 sky beasts
  A phantom (D:9)
  4 ogres
  3 necrophages (D:10)
  4 centaurs
  3 wolves (D:9)
  3 bullfrogs
  5 killer bees (D:12)
  2 scorpions
  A wyvern skeleton (D:11)
  8 wights (D:10)
  4 howler monkeys
  4 crimson imps
  2 bullfrog zombies
  6 hounds
  2 jellies
  6 orc priests
  9 orc wizards
  3 iguanas
  4 worker ants
  Terence (D:2)
  A hound zombie (D:5)
  2 hound skeletons
  A mummy (D:10)
  Robin (D:2)
  8 adders
  4 gnolls (D:3)
  A howler monkey skeleton (D:8)
  A shadow imp (D:5)
  An ooze (D:3)
  An adder skeleton (D:5)
  2 dart slugs
  7 leopard geckos
  42 orcs
  A ball python (D:3)
  6 giant cockroaches
  11 goblins
  14 hobgoblins
  8 jackals
  7 bats (D:1)
  6 frilled lizards
  A jackal zombie (D:5)
  7 kobolds
  A quokka skeleton (D:8)
  12 rats
261 creatures vanquished.

Vanquished Creatures (collateral kills)
  An orc (D:5)
  A goblin (D:8)
  A giant cockroach zombie (D:5)
3 creatures vanquished.

Vanquished Creatures (others)
  A sky beast (D:5)
  2 slaves (D:5)
  An orc wizard (D:5)
4 creatures vanquished.

Grand Total: 268 creatures vanquished

Notes
Turn   | Place    | Note
-------+----------+-------------------------------------------
     0 | D:1      | Hook the Troll Transmuter began the quest for the Orb.
     0 | D:1      | Reached XP level 1. HP: 18/18 MP: 1/1
   315 | D:1      | Reached XP level 2. HP: 20/26 MP: 2/2
   604 | D:1      | Reached skill level 1 in Fighting
   715 | D:1      | Reached XP level 3. HP: 33/33 MP: 0/3
  1324 | D:2      | Reached skill level 4 in Unarmed Combat
  1374 | D:2      | Found a hazy altar of Hepliaklqana.
  1417 | D:2      | Reached XP level 4. HP: 41/41 MP: 5/5
  1505 | D:2      | Noticed Robin
  1513 | D:2      | Killed Robin
  1582 | D:2      | Noticed Terence
  1601 | D:2      | Killed Terence
  1973 | D:3      | Found an opulent altar of Gozag.
  2038 | D:3      | Reached XP level 5. HP: 43/49 MP: 4/6
  2192 | D:3      | Noticed Grinder
  2382 | D:4      | Reached skill level 5 in Unarmed Combat
  2399 | D:4      | Reached XP level 6. HP: 46/57 MP: 7/7
  2421 | D:4      | Learned a level 2 spell: Sticks to Snakes
  2442 | D:4      | Found a burning altar of Makhleb.
  2478 | D:4      | Became a worshipper of Makhleb the Destroyer
  2497 | D:4      | Found a stormy altar of Qazlal.
  2785 | D:4      | Found an ancient bone altar of Kikubaaqudgha.
  2928 | D:4      | Found a sacrificial altar of Ru.
  3170 | D:5      | Entered Level 5 of the Dungeon
  3182 | D:5      | Reached skill level 6 in Unarmed Combat
  3182 | D:5      | Reached XP level 7. HP: 52/66 MP: 4/8
  3209 | D:5      | Noticed Pikel
  3210 | D:5      | Noticed Gorglomux's ghost (novice MiBe)
  3233 | D:5      | Killed Pikel
  3233 | D:5      | Reached XP level 8. HP: 36/75 MP: 4/10
  3379 | D:5      | Reached * piety under Makhleb
  3505 | D:5      | Found a staircase to the Ecumenical Temple.
  3522 | D:5      | Killed Gorglomux's ghost
  3522 | D:5      | Reached skill level 7 in Unarmed Combat
  3708 | D:5      | Found a bloodstained altar of Trog.
  3760 | D:5      | Found a sparkling altar of Nemelex Xobeh.
  4096 | D:6      | You fall through a shaft for 2 floors!
  4096 | D:8      | Found Plog's Book Emporium.
  4190 | D:8      | Reached skill level 8 in Unarmed Combat
  4241 | D:8      | Noticed a two-headed ogre
  4259 | D:8      | Killed a two-headed ogre
  4259 | D:8      | Reached XP level 9. HP: 57/84 MP: 8/13
  4310 | D:8      | Found a staircase to the Lair.
  4391 | D:8      | Noticed a two-headed ogre
  4410 | D:8      | Killed a two-headed ogre
  4410 | D:8      | Reached skill level 9 in Unarmed Combat
  4508 | D:8      | Found a glowing golden altar of the Shining One.
  4508 | D:8      | Found a radiant altar of Vehumet.
  4550 | D:8      | Reached ** piety under Makhleb
  4607 | D:8      | Found a glowing silver altar of Zin.
  4832 | D:8      | Noticed a two-headed ogre
  4973 | D:9      | Noticed Grum
  4988 | D:9      | HP: 2/84 [wolf[Grum] (7)]
  4998 | D:9      | Killed Grum
  5011 | D:9      | HP: 3/84 [wolf[Grum] (11)]
  5012 | D:9      | Reached XP level 10. HP: 11/93 MP: 12/15
  5212 | D:9      | Noticed a two-headed ogre
  5222 | D:9      | Killed a two-headed ogre
  5222 | D:9      | Reached skill level 10 in Unarmed Combat
  5222 | D:9      | Reached skill level 5 in Transmutations
  5785 | D:9      | Reached *** piety under Makhleb
  5831 | D:9      | Found a sacrificial altar of Ru.
  5835 | D:9      | Found a shattered altar of Ashenzari.
  6057 | D:10     | Entered Level 10 of the Dungeon
  6101 | D:10     | Reached skill level 1 in Armour
  6273 | D:10     | Learned a level 3 spell: Spider Form
  6455 | D:10     | Reached skill level 5 in Fighting
  6478 | D:10     | Noticed a centaur warrior
  6492 | D:10     | Killed a centaur warrior
  6492 | D:10     | Reached skill level 5 in Spellcasting
  6492 | D:10     | Reached XP level 11. HP: 92/102 MP: 12/17
  6655 | D:10     | Reached skill level 11 in Unarmed Combat
  6681 | D:10     | Reached **** piety under Makhleb
  6853 | D:10     | Noticed a two-headed ogre
  6871 | D:10     | Killed a two-headed ogre
  6886 | D:10     | Noticed a two-headed ogre
  6953 | D:10     | Killed a two-headed ogre
  7781 | D:11     | Reached skill level 1 in Stealth
  7996 | D:11     | Noticed Erica
  8010 | D:11     | Killed Erica
  8085 | D:11     | Reached skill level 12 in Unarmed Combat
  8708 | D:12     | Reached ***** piety under Makhleb
  8862 | D:12     | Found a staircase to the Orcish Mines.
  8874 | D:12     | Noticed a two-headed ogre
  8935 | D:13     | Noticed a centaur warrior
  8953 | D:13     | Slain by a vampire mosquito

Skill      XL: |  1  2  3  4  5  6  7  8  9 10 11 |
---------------+----------------------------------+-----
Fighting       | 1 2 3 4 5 |  5.6
Unarmed Combat | 4 5 6 8 9 10 12 | 12.1
Dodging        | 2 3 4 |  4.1
Transmutations | 2 3 4 5 6 |  6.2
Spellcasting   | 2 3 4 5 |  5.8
Armour         | 1 2 |  2.1
Stealth        | 1 |  1.1
Poison Magic   | |  0.1
Invocations    | |  0.3

Action                   |  1- 3 |  4- 6 |  7- 9 | 10-12 || total
-------------------------+-------+-------+-------+-------++-------
Melee: Unarmed           |    98 |   136 |   179 |   393 ||   806
       Punch             |     1 |     3 |     4 |    23 ||    31
       Kick              |     1 |    14 |     9 |    43 ||    67
       Headbutt          |       |     4 |    17 |    25 ||    46
Throw: Stone             |       |       |       |     4 ||     4
 Cast: Beastly Appendage |     3 |    13 |    18 |    42 ||    76
       Sticks to Snakes  |       |     6 |    19 |    31 ||    56
       Spider Form       |       |       |       |     3 ||     3
Invok: Minor Destruction |       |       |       |     1 ||     1
  Use: Scroll            |     2 |     6 |     3 |     4 ||    15
       Potion            |       |       |    10 |     3 ||    13
 Stab: Sleeping          |       |       |     2 |     2 ||     4
  Eat: Chunk             |     9 |    21 |    13 |    20 ||    63
       Bread ration      |     1 |       |     1 |     1 ||     3
       Meat ration       |       |       |       |     1 ||     1
Armor: Robe              |    41 |    28 |    39 |     9 ||   117
       Troll leather arm |       |       |       |    71 ||    71
       Skin              |       |       |       |     1 ||     1
Dodge: Dodged            |    56 |    48 |    72 |   195 ||   371
